Map: Fields of Death

Players

Night

  • Race: Zerg Zerg
  • Spawn Location: 12:00

cashmeoutsi

  • Race: Terran Terran
  • League: Master
  • Spawn Location: 12:00

Dreamer - Winner!

  • Race: Terran Terran
  • Spawn Location: 7:00

llllllllllll - Winner!

  • Race: Terran Terran
  • Spawn Location: 6:00

VOD

Have the link to the VOD?

Description

Time

  • Played on: April 2, 2017, 4:22 a.m.
  • Length: 12:43
Show
View Real Time Build Order
Export as new Build Order

Night Zerg 

Build Orders: Hatch First 

Get SALT Encoding   

  12  0:01  Drone  
  13  0:15  Overlord  
  13  0:20  Drone  
  14  0:35  Drone x2  
  16  0:38  Drone  
  17  0:55  Hatchery  
  17  0:57  Drone  
  17  1:01  Drone  
  18  1:14  Spawning Pool  
  18  1:17  Drone  
  18  1:23  Drone  
  19  1:30  Drone  
  20  1:45  Hatchery  
  19  1:48  Drone  
  20  2:02  Queen  
  20  2:06  Queen  
  24  2:09  Zergling x2  
  24  2:12  Zergling x2  
  26  2:17  Overlord  
  26  2:20  Drone  
  27  2:24  Drone  
  27  2:40  Drone  
  27  2:43  Queen  
  30  2:45  Overlord  
  30  2:48  Drone x3  
  33  2:55  Drone  
  33  2:57  Drone x2  
  36  3:00  Drone  
  37  3:07  Queen  
  37  3:08  Drone  
  37  3:09  Drone  
  41  3:13  Drone x2  
  41  3:16  Drone  
  41  3:18  Drone  
  41  3:19  Drone  
  46  3:22  Overlord  
  46  3:26  Drone  
  47  3:28  Drone  
  47  3:31  Drone  
  49  3:38  Extractor  
  49  3:39  Overlord, Extractor  
  49  3:40  Drone x4  
  51  3:43  Drone x2  
  53  3:52  Drone x5  
  58  3:55  Overlord  
  58  3:56  Overlord  
  58  4:04  Drone x2  
  58  4:06  Roach Warren  
  58  4:07  Extractor  
  58  4:08  Drone  
  59  4:12  Evolution Chamber  
  59  4:17  Drone x7  
  59  4:18  Drone  
  59  4:23  Queen  
  68  4:25  Drone  
  68  4:26  Drone x2  
  68  4:27  Drone  
  72  4:34  Lair  
  72  4:37  Extractor  
  72  4:38  Spore Crawler, Extractor  
  69  4:39  Drone  
  69  4:40  Drone x4  
  69  4:44  Evolution Chamber  
  73  4:56  Drone x3  
  73  4:57  Roach x3, Spore Crawler  
  73  4:58  Overlord, Zerg Missile Weapons Level 1  
  81  5:02  Overlord  
  81  5:07  Extractor  
  81  5:11  Zerg Ground Armor Level 1  
  81  5:12  Drone x2, Overlord  
  82  5:14  Overlord  
  82  5:23  Drone x2  
  82  5:25  Overlord  
  82  5:26  Drone  
  85  5:29  Roach x3  
  85  5:30  Roach x3  
  85  5:35  Hatchery  
  96  5:38  Roach x3  
  96  5:42  Glial Reconstitution  
  102  5:43  Infestation Pit  
  101  5:50  Roach x2  
  101  5:51  Roach x3  
  111  6:01  Overlord  
  111  6:12  Roach  
  111  6:15  Overlord x2  
  111  6:16  Overlord x3  
  111  6:17  Burrow  
  113  6:19  Pathogen Glands  
  113  6:22  Overlord x2  
  113  6:35  Overlord x2  
  113  6:37  Drone x4  
  113  6:38  Drone x3  
  119  6:42  Hive  
  119  6:48  Overlord  
  119  6:49  Queen  
  119  6:50  Drone x7  
  128  6:54  Zerg Missile Weapons Level 2  
  128  6:57  Spire, Extractor, Infestor  
  128  6:59  Infestor  
  128  7:01  Extractor  
  129  7:16  Drone x2  
  129  7:18  Infestor x2  
  129  7:20  Infestor  
  137  7:25  Drone  
  138  7:35  Zerg Ground Armor Level 2  
  138  7:36  Hatchery  
  143  7:37  Roach x5  
  143  7:41  Ravager x2  
  143  7:42  Ravager x3  
  143  7:43  Spine Crawler  
  151  7:46  Spine Crawler  
  150  7:52  Drone x2  
  150  7:55  Drone x2  
  150  7:56  Drone  
  155  8:09  Greater Spire  
  155  8:11  Ravager  
  155  8:12  Ravager, Roach x3  
  165  8:13  Roach x6  
  165  8:14  Roach x4  
  183  8:22  Extractor  
  183  8:24  Extractor  
  175  8:37  Overlord  
  175  8:39  Corruptor x6  
  187  9:03  Roach  
  187  9:04  Roach x5  
  193  9:25  Brood Lord  
  193  9:26  Brood Lord x2  
  199  9:46  Zerg Missile Weapons Level 3  
  199  9:47  Zerg Flyer Weapons Level 1  
  199  9:50  Drone  
  200  9:58  Brood Lord x3  
  189  10:03  Corruptor x3  
  189  10:04  Corruptor x3  
  189  10:06  Drone x6  
  195  10:20  Corruptor  
  195  10:21  Corruptor x2  
  194  10:40  Brood Lord  
  194  10:41  Brood Lord x2  
  192  10:57  Overlord  
  192  10:58  Overlord  
  192  11:03  Extractor  
  189  11:07  Overlord  
  189  11:08  Overlord x3  
  187  11:23  Overlord x2  
  187  11:24  Corruptor x5  
  197  11:30  Brood Lord  
  179  12:00  Hatchery  
  158  12:05  Roach  
  158  12:06  Roach x5  
  152  12:09  Corruptor  
  152  12:10  Corruptor x2  
  153  12:16  Mutalisk x2  
  153  12:17  Mutalisk  
Show
View Real Time Build Order
Export as new Build Order

cashmeoutsi Terran 

Build Orders: Cyclone Opening, MMM Bio 

Get SALT Encoding   

  12  0:00  SCV  
  13  0:13  SCV  
  14  0:18  Supply Depot  
  14  0:25  SCV  
  15  0:29  Refinery  
  15  0:39  SCV  
  16  0:46  Barracks  
  16  0:51  SCV  
  16  0:56  Refinery  
  17  1:03  SCV  
  18  1:16  SCV  
  19  1:33  Barracks Reactor, Orbital Command  
  19  1:38  Factory  
  19  1:47  Supply Depot  
  19  1:59  SCV  
  20  2:09  Marine  
  20  2:10  Marine  
  20  2:11  SCV  
  23  2:21  Cyclone  
  26  2:27  Marine x2  
  28  2:34  Starport  
  28  2:45  Marine x2  
  28  2:48  SCV  
  31  2:53  Supply Depot  
  31  3:14  Cyclone  
  31  3:17  SCV, Supply Depot  
  31  3:19  Medivac  
  37  3:21  Medivac  
  39  3:30  Barracks Tech Lab  
  39  3:39  SCV  
  40  3:54  Stimpack  
  40  3:55  Command Center  
  40  4:01  SCV  
  40  4:02  Marine  
  42  4:13  SCV  
  42  4:15  Starport Reactor  
  42  4:16  Factory Reactor  
  43  4:25  SCV  
  43  4:26  Barracks  
  34  4:37  SCV  
  35  4:41  Marine  
  36  4:46  Barracks  
  36  4:50  SCV  
  37  5:00  Engineering Bay  
  37  5:02  SCV, Marine  
  37  5:04  Factory Tech Lab  
  37  5:05  Medivac  
  37  5:06  Medivac  
  43  5:12  Orbital Command  
  43  5:15  SCV  
  43  5:19  Marine  
  45  5:29  SCV  
  45  5:31  Marine x2  
  48  5:36  Marine x2  
  48  5:41  SCV  
  46  5:53  SCV  
  47  6:05  Combat Shields  
  47  6:24  Marine x3  
  47  6:25  SCV, Marine  
  52  6:34  Terran Infantry Weapons Level 1  
  50  6:42  Marine  
  50  6:45  Command Center  
  48  6:53  Marine x2  
  51  7:00  Marine  
  51  7:01  Siege Tank  
  54  7:11  Marine  
  55  7:20  SCV, Marine x3  
  55  7:22  Supply Depot  
  59  7:25  Marine  
  60  7:34  SCV  
  60  7:35  Marine  
  62  7:38  Marine  
  62  7:43  Siege Tank, Medivac  
  68  7:50  Marine x2, Command Center  
  71  7:51  SCV  
  73  8:00  Orbital Command  
  73  8:05  Marine x2  
  49  8:34  Marine x4  
  49  8:35  Marine  
  46  8:52  Marine x2  
  46  8:54  Marine x2  
  49  9:04  Marine  
  49  9:05  Siege Tank  
  53  9:10  Marine x2  
  53  9:11  Command Center  
  53  9:16  Marine  
  56  9:17  Medivac x2  
  56  9:23  Marine  
  56  9:24  Marine  
  62  9:32  Marine x2  
  62  9:34  Marine  
  65  9:41  Marine x2  
  65  9:44  SCV  
  68  9:47  Command Center  
  68  9:49  Marine, Missile Turret  
  68  9:50  Marine, Missile Turret  
  68  9:52  Marine  
  70  10:16  SCV  
  70  10:17  Medivac  
  70  10:18  Siege Tank  
  76  10:24  Orbital Command  
  66  10:41  SCV  
  67  10:43  Refinery  
  67  10:44  Refinery  
  55  11:06  Marine x3  
  55  11:08  Orbital Command  
  55  11:10  SCV  
  59  11:15  SCV  
  59  11:18  Marine x2  
  62  11:24  Liberator  
  62  11:25  SCV  
  56  11:27  SCV  
  57  11:44  Marine  
  57  11:45  Marine  
  60  11:59  Marine  
Show
View Real Time Build Order
Export as new Build Order

Dreamer Terran - Winner!

Build Orders: MMM Bio 

Get SALT Encoding   

  12  0:00  SCV  
  13  0:13  SCV  
  14  0:17  Supply Depot  
  14  0:25  SCV  
  15  0:29  Refinery  
  15  0:39  SCV  
  16  0:44  Barracks  
  16  0:51  SCV  
  17  1:03  SCV  
  18  1:15  SCV  
  19  1:27  SCV  
  19  1:31  Reaper  
  21  1:41  Orbital Command  
  21  1:46  Command Center  
  21  1:58  Supply Depot  
  21  2:04  Barracks  
  21  2:05  Barracks Reactor  
  21  2:09  SCV  
  22  2:21  SCV  
  23  2:23  Barracks  
  23  2:33  SCV  
  23  2:34  Refinery  
  24  2:44  Factory  
  24  2:45  SCV  
  24  2:47  Marine x2  
  27  2:55  Barracks Tech Lab  
  27  2:57  SCV  
  27  2:59  Orbital Command  
  27  3:07  Marine x2  
  27  3:10  SCV  
  30  3:16  Marine, Stimpack  
  31  3:27  SCV  
  31  3:28  SCV  
  31  3:30  Starport  
  31  3:31  Factory Reactor  
  33  3:37  Marine  
  33  3:39  SCV  
  33  3:40  SCV, Marine  
  37  3:42  Marine  
  37  3:43  Marine  
  39  3:52  SCV x2  
  39  3:54  Supply Depot  
  39  3:55  Marine  
  42  3:58  Marine  
  43  4:04  SCV x2  
  43  4:06  Marine  
  46  4:15  Medivac x2, Marine x2  
  46  4:16  SCV  
  46  4:17  SCV  
  54  4:20  Supply Depot  
  54  4:22  Supply Depot  
  54  4:41  Marine x3  
  54  4:42  SCV x2  
  59  4:48  Command Center  
  59  4:52  Marine  
  60  4:54  SCV  
  60  4:55  Factory Tech Lab  
  60  4:56  SCV  
  60  4:58  Factory Reactor  
  60  4:59  Marine  
  64  5:02  Engineering Bay  
  64  5:04  Engineering Bay  
  64  5:06  SCV  
  65  5:08  SCV  
  65  5:12  Barracks Reactor, Marine  
  66  5:16  Combat Shields  
  66  5:18  SCV  
  66  5:20  SCV, Supply Depot  
  67  5:21  Supply Depot  
  67  5:26  Marine  
  67  5:30  SCV  
  67  5:32  SCV, Marine  
  70  5:41  Marine  
  71  5:43  SCV  
  71  5:44  Marine  
  70  5:50  Marine  
  70  5:56  Medivac, Marine x2  
  71  5:59  Marine  
  71  6:01  Barracks  
  71  6:02  Barracks  
  71  6:03  Terran Infantry Armor Level 1, Terran Infantry Weapons Level 1  
  72  6:06  SCV, Refinery  
  72  6:07  Refinery  
  72  6:12  Marine x2  
  72  6:14  SCV, Marine x2  
  72  6:18  SCV  
  78  6:20  Supply Depot  
  78  6:26  SCV, Medivac, Widow Mine x2  
  78  6:30  SCV  
  85  6:38  SCV  
  86  6:43  Marine x3  
  86  6:46  Orbital Command  
  82  6:48  Marine  
  82  6:52  Armory, Marine  
  82  6:54  Barracks Reactor  
  82  6:55  Barracks Reactor  
  82  6:58  Medivac x2  
  82  7:00  SCV  
  82  7:01  SCV, Marine x2  
  89  7:02  Marine  
  89  7:06  Marine  
  92  7:08  Supply Depot  
  92  7:10  Marine  
  92  7:12  Supply Depot x3  
  92  7:13  SCV x2  
  92  7:15  Orbital Command  
  95  7:20  Missile Turret  
  95  7:22  Missile Turret  
  95  7:25  SCV x2  
  97  7:34  Marine x2  
  97  7:35  Marine x2  
  102  7:37  SCV x2  
  102  7:38  Medivac x2  
  102  7:44  SCV  
  108  7:49  SCV x2, Starport  
  110  7:51  Starport  
  110  7:54  Starport  
  110  7:56  SCV  
  111  7:58  Terran Infantry Weapons Level 2  
  111  8:01  SCV x2  
  113  8:06  Command Center  
  113  8:07  Refinery  
  113  8:08  Refinery  
  113  8:10  SCV  
  114  8:13  SCV  
  104  8:35  Marine x6  
  104  8:36  Medivac, Marine x3, Widow Mine x2  
  104  8:37  Medivac  
  104  8:39  SCV x3  
  120  8:53  Marine x3  
  119  8:59  Barracks x2  
  114  9:04  Starport Reactor  
  114  9:05  Starport Reactor, Terran Infantry Armor Level 2  
  114  9:07  Terran Vehicle And Ship Armor Level 1  
  114  9:09  SCV  
  115  9:14  Marine  
  115  9:15  Medivac x2, Marine x3, Widow Mine x2  
  111  9:22  Orbital Command  
  111  9:24  Fusion Core  
  111  9:25  Marine  
  111  9:26  Marine x3  
  111  9:27  Liberator  
  111  9:28  Liberator  
  111  9:31  Marine  
  116  9:32  Marine  
  116  9:33  Marine  
  116  9:34  Marine x2  
  120  9:40  Supply Depot, Concussive Shells  
  120  9:44  Widow Mine  
  128  9:54  Liberator  
  128  9:55  Liberator  
  120  10:09  Marine x5  
  120  10:10  Barracks Tech Lab, Marine  
  120  10:11  Barracks Tech Lab  
  120  10:13  SCV  
  133  10:14  Liberator  
  133  10:15  Liberator  
  133  10:27  Marine x2  
  135  10:29  Marine x2  
  135  10:31  Marine, Marauder x2  
  135  10:32  Widow Mine x2  
  152  10:41  Liberator x2  
  152  10:42  Marine  
  155  10:43  Marauder  
  155  10:49  Orbital Command  
  152  10:56  Marine, Marauder  
  154  10:59  SCV x2  
  154  11:00  SCV  
  148  11:04  Command Center  
  126  11:26  Marine x5, Marauder  
  126  11:27  Medivac x2, Marine, Widow Mine x2, Marauder x2  
  143  11:34  Refinery x2  
  143  11:37  Marine x2  
  139  11:44  Marine x2  
  122  11:48  Marauder x3  
  111  11:57  Medivac  
  107  12:02  Marine x2  
  107  12:03  Marine x4, Orbital Command  
  107  12:04  Marine  
  107  12:05  Marine  
  98  12:09  Marauder x3  
  101  12:20  Marine x2  
  101  12:21  Marine  
  101  12:22  Marine  
Show
View Real Time Build Order
Export as new Build Order

llllllllllll Terran - Winner!

Build Orders: Reaper Expand, Mech 

Get SALT Encoding   

  12  0:01  SCV  
  13  0:13  SCV  
  14  0:19  Supply Depot  
  14  0:25  SCV  
  15  0:30  Refinery  
  15  0:41  SCV  
  16  0:46  Barracks  
  16  0:53  SCV  
  17  1:05  SCV  
  18  1:17  SCV  
  19  1:34  Orbital Command  
  19  1:35  Reaper  
  20  1:51  Command Center  
  20  2:01  SCV  
  20  2:03  Factory  
  21  2:09  Refinery  
  21  2:12  Barracks Reactor  
  21  2:17  SCV  
  21  2:22  Supply Depot  
  22  2:29  SCV  
  23  2:43  SCV  
  24  2:50  Marine x2  
  26  2:56  SCV  
  30  3:00  Factory Tech Lab  
  30  3:01  Starport  
  27  3:06  Orbital Command  
  27  3:08  Marine x2  
  27  3:12  SCV  
  29  3:19  Siege Tank  
  32  3:30  SCV, Supply Depot  
  32  3:31  Marine x2  
  35  3:34  SCV  
  35  3:40  Viking  
  38  3:46  SCV  
  38  3:47  SCV  
  40  3:55  Supply Depot  
  40  3:59  Siege Tank  
  40  4:01  SCV x2  
  45  4:09  Viking  
  45  4:13  SCV x2  
  45  4:14  Marine  
  45  4:15  Marine  
  51  4:25  SCV x2  
  50  4:36  Command Center  
  49  4:39  Siege Tank  
  49  4:42  Viking  
  49  4:45  SCV x2  
  56  4:50  Refinery x2  
  56  4:56  Supply Depot  
  56  4:58  SCV x2  
  58  5:02  Supply Depot  
  58  5:11  SCV x2  
  60  5:20  Barracks Reactor  
  60  5:22  Factory  
  60  5:26  Supply Depot  
  60  5:28  Supply Depot  
  60  5:30  Armory  
  60  5:35  Siege Tank  
  60  5:38  SCV x2  
  60  5:42  Supply Depot  
  65  5:47  Viking, Supply Depot  
  67  5:50  SCV, Supply Depot  
  67  5:53  Orbital Command  
  68  6:00  Engineering Bay  
  68  6:05  SCV  
  68  6:06  SCV  
  68  6:07  Factory  
  68  6:10  Barracks Reactor  
  70  6:11  Siege Tank  
  70  6:13  Supply Depot  
  70  6:17  Orbital Command  
  70  6:18  SCV  
  74  6:20  SCV  
  74  6:22  Viking x2  
  79  6:31  Terran Vehicle Weapons Level 1  
  79  6:38  SCV x2  
  79  6:39  Liberator  
  81  6:40  Hellion x2  
  81  6:41  Refinery x2  
  85  6:50  SCV  
  85  6:52  Factory, Supply Depot  
  86  6:59  SCV x2  
  91  7:09  Hellion x2, Sensor Tower  
  91  7:10  SCV  
  91  7:11  SCV  
  91  7:12  Viking  
  99  7:19  SCV  
  99  7:21  Siege Tank, Missile Turret  
  103  7:23  SCV  
  103  7:26  SCV  
  103  7:29  Supply Depot  
  105  7:32  Hellion  
  105  7:33  Hellion x3  
  105  7:37  Factory Tech Lab  
  113  7:39  SCV x3  
  113  7:40  Factory  
  116  7:46  Supply Depot  
  116  7:49  Supply Depot  
  116  7:51  SCV x2  
  116  7:54  Viking x2  
  116  7:55  Hellion  
  124  7:58  SCV  
  124  8:03  SCV x2, Supply Depot  
  124  8:05  Siege Tank  
  130  8:07  Siege Tank  
  133  8:13  Supply Depot  
  133  8:24  Viking x2  
  133  8:26  Factory Tech Lab  
  137  8:29  Supply Depot  
  137  8:30  Infernal Pre-Igniter  
  137  8:32  Hellion  
  137  8:33  Hellion  
  139  8:37  Siege Tank  
  139  8:39  Hellion, Siege Tank  
  144  8:46  SCV x2  
  146  8:48  Supply Depot  
  146  8:49  Supply Depot  
  146  8:59  Supply Depot  
  146  9:01  Siege Tank  
  146  9:02  Hellbat x2  
  153  9:05  Supply Depot  
  153  9:08  Terran Vehicle Weapons Level 2  
  153  9:09  Siege Tank  
  156  9:11  Siege Tank  
  156  9:12  Armory  
  155  9:33  Siege Tank  
  158  9:41  Siege Tank  
  158  9:43  Siege Tank  
  161  9:52  Hellbat x2  
  164  9:58  Viking  
  164  10:02  Viking  
  164  10:05  Siege Tank  
  169  10:07  Terran Ship Weapons Level 1  
  169  10:08  Command Center  
  169  10:10  Supply Depot  
  169  10:14  Siege Tank  
  172  10:15  Hellbat x3, Siege Tank  
  172  10:16  Command Center  
  175  10:39  Viking x2  
  179  10:50  SCV x3  
  182  11:01  Thor x3  
  194  11:19  Refinery  
  194  11:20  Planetary Fortress  
  194  11:24  Refinery  
  194  11:26  Refinery  
  194  11:30  Viking x2  
  194  11:32  Hellbat  
  200  11:41  Refinery  
  200  11:59  Viking  
  184  12:05  Siege Tank x3  
  184  12:06  Hellbat x2  
  183  12:18  Hellbat  
  183  12:19  Hellbat  
Tags
 
Add a new tag
Caveats
  • Supply blocks, unpowered buildings, or Contaminate may cause inaccurate times.
  • Supply counts are checked every 10 seconds.